 Dungeon Crawl Stone Soup version 0.30-a0-709-gcdc1b43e22 (webtiles) character file.

Game seed: 1392423286094331252

59873 Oxelix the Bludgeoner (level 13, -6/87 (91) HPs)
             Began as a Gargoyle Fighter on Jan 22, 2023.
             Was a High Priest of Ru.
             Mangled by an orc warrior
             ... wielding a +0 scimitar
             ... led by an orc knight
              (20 damage)
             ... on level 2 of the Orcish Mines.
             The game lasted 00:48:12 (20763 turns).

Oxelix the Bludgeoner (Gargoyle Fighter)           Turns: 20763, Time: 00:48:13

HP:   -6/87 (91)    AC: 31    Str: 31    XL:     13   Next: 96%
MP:   11/13         EV:  8    Int:  9    God:    Ru [*****.]
Gold: 1122          SH: 12    Dex:  7    Spells: 12/12 levels left

rFire   + + .      SeeInvis +    D - +2 morningstar (drain)
rCold   . . .      Faith    .    c - +0 buckler
rNeg    + . .      Spirit   .    e - +1 plate armour {rF+}
rPois   ∞          Reflect  +    Y - +0 hat {SInv}
rElec   +          Harm     .    G - +2 cloak {Will+}
rCorr   .          Rampage  .    u - +0 pair of gloves
Will    ++...                    Q - +0 pair of boots Stlth
                                 f - amulet of reflection
HPRegen 0.34/turn                k - ring of willpower
MPRegen 0.13/turn                p - +6 ring of strength

@: studying Stealth, lightly drained
A: sickness immunity, AC +9, negative energy resistance 1, electricity
resistance, torment resistance 1, petrification resistance, no stealth, hated by
all, no hexes magic, no poison magic, no translocations magic, disrupted magic
1, inexperienced 1, clumsy 1, fire resistance 1
a: Renounce Religion, Draw Out Power, Power Leap, Apocalypse


You were on level 2 of the Orcish Mines.
You worshipped Ru.
Ru was extremely pleased with you.
You visited 5 branches of the dungeon, and saw 21 of its levels.
You also visited: Ice Cave.

You collected 1533 gold pieces.
You spent 411 gold pieces at shops.

Inventory:

Hand Weapons
 g - a +3 longbow of flaming
 D - a +2 morningstar of draining (weapon)
Missiles
 I - 18 poisoned darts
 J - a curare-tipped dart
 K - 4 datura-tipped darts
 L - 7 throwing nets
 N - a silver javelin
 O - a boomerang
 P - 3 javelins (quivered)
Armour
 c - a +0 buckler (worn)
 e - a +1 plate armour of fire resistance (worn)
 u - a +0 pair of gloves (worn)
 G - a +2 cloak of willpower (worn)
 Q - a +0 pair of boots (worn)
 Y - a +0 hat of see invisible (worn)
Jewellery
 f - an amulet of reflection (around neck)
 h - a ring of flight
 k - a ring of willpower (left hand)
 p - a +6 ring of strength (right hand)
 y - an amulet of regeneration
 H - a +5 ring of evasion
Wands
 a - a wand of quicksilver (6)
 t - a wand of flame (27)
 w - a wand of roots (21)
 V - a wand of mindburst (11)
Scrolls
 b - 2 scrolls of poison
 i - 8 scrolls of teleportation
 o - 3 scrolls of torment
 r - 2 scrolls of blinking
 x - 2 scrolls of enchant weapon
 B - 4 scrolls of fear
 C - a scroll of magic mapping
 R - a scroll of butterflies
 U - a scroll of brand weapon
 X - 5 scrolls of enchant armour
Potions
 d - 5 potions of might
 m - a potion of cancellation
 q - 3 potions of attraction
 s - 4 potions of curing
 v - 2 potions of ambrosia
 z - 4 potions of flight
 A - 5 potions of haste
 F - 4 potions of magic
 M - 2 potions of lignification
Miscellaneous
 S - a tin of tremorstones (2/2)


   Skills:
 + Level 14.3 Fighting
 - Level 16.0 Maces & Flails
 + Level 3.8 Throwing
 - Level 10.0 Armour
 - Level 14.0 Shields
 + Level 3.8 Evocations


You had 12 spell levels left.
You didn't know any spells.
Your spell library contained the following spells:

 Spells                   Type           Power      Damage    Failure   Level
 Magic Dart               Conj           0%         1d3       98%         1
 Necrotise                Necr           0%         1d4       98%         1
 Sandblast                Erth           0%         2d4       98%         1
 Passwall                 Tmut/Erth      0%         N/A       99%         2
 Static Discharge         Conj/Air       0%         2-2/arc   99%         2
 Stone Arrow              Conj/Erth      0%         3d7       100%        3
 Dispel Undead            Necr           0%         3d6       100%        4
 Sticky Flame             Conj/Fire      0%         2d3       100%        4
 Agony                    Necr           0%         N/A       100%        5
 Arcjolt                  Conj/Air       0%         1d10      100%        5
 Lee's Rapid Deconstruct  Erth           0%         3d4*      100%        5
 Lightning Bolt           Conj/Air       0%         1d11      100%        5
 Ignition                 Fire           0%         3d3       100%        8
 Lehudib's Crystal Spear  Conj/Erth      0%         10d2      100%        8
 Apportation              Tloc           Unusable   N/A       N/A         1
 Summon Small Mammal      Summ           Unusable   N/A       N/A         1
 Call Imp                 Summ           Unusable   N/A       N/A         2
 Cigotuvi's Dreadful Rot  Necr/Pois/Air  Unusable   N/A       N/A         2
 Ensorcelled Hibernation  Hex/Ice        Unusable   N/A       N/A         2
 Lesser Beckoning         Tloc           Unusable   N/A       N/A         2
 Dazzling Flash           Conj/Hex       Unusable   N/A       N/A         3
 Gell's Gravitas          Tloc           Unusable   N/A       N/A         3
 Ignite Poison            Fire/Tmut/Pois Unusable   N/A       N/A         3
 Mephitic Cloud           Conj/Pois/Air  Unusable   N/A       N/A         3
 Spider Form              Tmut/Pois      Unusable   N/A       N/A         3
 Teleport Other           Tloc           Unusable   N/A       N/A         3
 Vhi's Electric Charge    Tloc/Air       Unusable   N/A       N/A         3
 Anguish                  Hex/Necr       Unusable   N/A       N/A         4
 Leda's Liquefaction      Hex/Erth       Unusable   N/A       N/A         4
 Manifold Assault         Tloc           Unusable   N/A       N/A         4
 Passage of Golubria      Tloc           Unusable   N/A       N/A         4
 Silence                  Hex/Air        Unusable   N/A       N/A         5
 Death Channel            Necr           Unusable   N/A       N/A         6
 Dispersal                Tloc           Unusable   N/A       N/A         6
 Statue Form              Tmut/Erth      Unusable   N/A       N/A         6
 Enfeeble                 Hex            Unusable   N/A       N/A         7
 Disjunction              Tloc           Unusable   N/A       N/A         8

Dungeon Overview and Level Annotations

Branches:
Dungeon (12/15)            Temple (1/1) D:4            Lair (5/5) D:8
 Shoals (0/4) Lair:2       Spider (1/4) Lair:3        Slime (0/5) Lair:5
    Orc (2/2) D:9             Elf (0/3) Orc:2         IceCv (visited)

Altars:
Ashenzari
Cheibriados
Dithmenos
Elyvilon
Gozag
Kikubaaqudgha
Makhleb
Nemelex Xobeh
Okawaru
Qazlal
Ru
Sif Muna
Trog
Uskayaw
Vehumet
Wu Jian
Xom
Zin
The Shining One

Shops:
D:7 =(:(*   D:9 [   D:10 (   Orc:2 *


Innate Abilities, Weirdness & Mutations

You are immune to sickness and miasma.
Your stone body is resilient. (AC +9)
You are immune to poison.
You resist negative energy. (rN+)
You are resistant to electric shocks. (rElec)
You are resistant to unholy torment.
You are immune to petrification.
You cannot be stealthy.
You are hated by all.
You cannot study or cast Hexes magic.
You cannot study or cast Poison magic.
You cannot study or cast Translocations magic.
Your casting is slightly disrupted.
You are somewhat inexperienced. (-1 XL)
You are clumsy. (Dex -2)
Your flesh is heat resistant. (rF+)


Message History

The orc barely misses you. The orc sorcerer closely misses you.
You block the orc's attack.
You hit the orc warrior but do no damage.
You drain the orc warrior.
The orc warrior is lightly wounded.
You redirect the orc's attack!
The orc misses the orc warrior.
The orc hits you but does no damage.
The orc warrior hits you with a +0 scimitar!
* * * LOW HITPOINT WARNING * * *
The orc sorcerer mumbles some strange words.
You block the orc knight's attack. You block the orc's attack.
You hit the orc knight.
The orc knight is lightly wounded.
You closely miss the orc knight.
The orc knight is lightly wounded.
You redirect the orc's attack!
The orc closely misses the orc.
You block the orc's attack.
The orc warrior hits you but does no damage.
The orc sorcerer hits you but does no damage.
You block the orc knight's attack.
You bludgeon the orc knight!! You drain the orc knight!
The orc knight is heavily wounded.
You block the orc's attack. You block the orc warrior's attack.
The orc sorcerer hits you but does no damage.
The orc knight roars a battlecry!
The orc knight goes into a battle-frenzy!
The orc hits you but does no damage.
The smoke demon begins to attack, but is stunned by your conviction!
You completely miss the orc sorcerer. You barely miss the orc knight.
The orc knight is heavily wounded.
The orc hits you but does no damage. The orc closely misses you.
The orc sorcerer casts a spell at you.
The bolt of fire hits you but does no damage.
The bolt of fire hits the orc!!
The orc dies!
The orc knight hits you with a +0 great mace!
* * * LOW HITPOINT WARNING * * *
The orc warrior hits you with a +0 scimitar!!
You die...

...............## #...
.........#).....# ##..
.........)oo...## ####.#.
.......).)o....# #######.#...#
..#......#.#...###.#.##.......
...#.......##.###.....#.......
......#..)o)####.#.#.#........
........)#o####.......#.......
.......#)).)@o3.....###....).
.#.....##..ooo......####...[)
#....# ###..........# ##..))
....# #...........#####.†.)
#... #....##.....###.#.....
##.#.#.......#...#....
#.....................
##...#................
#...##.......).......


You could see 2 orc knights, a smoke demon (summoned), an orc sorcerer (strong),
an orc warrior (strong, drained) and an orc (strong).

Vanquished Creatures
  Gastronok (Lair:3)
  Nessos (Lair:3)
  Josephine (Lair:3)
  Fannar (D:10)
  A merfolk avatar (Lair:5)
  4 hydras
  Harold (D:9)
  A boulder beetle (Lair:3)
  4 two-headed ogres
  Erica (D:8)
  An orc high priest (Orc:2)
  5 death yaks (Lair:3)
  2 sea snakes
  Pikel (D:7)
  2 harpies (Lair:5)
  3 orc knights (Orc:2)
  2 wolf spiders (Lair:3)
  An oklob plant (Lair:5)
  An ugly thing (IceCv)
  4 black mambas
  Joseph (D:7)
  19 elephants
  16 cane toads
  A torpor snail (Lair:5)
  A water nymph (Lair:2)
  A gargoyle (D:11)
  2 kobold demonologists
  8 komodo dragons
  2 ice devils (Lair:4)
  An anaconda simulacrum (IceCv)
  3 meliai (Lair:3)
  3 polar bears
  A troll (D:10)
  Grinder (D:4)
  18 blink frogs
  5 hornets
  7 dream sheep (Lair:5)
  A snapping turtle (Lair:5)
  A jumping spider (Lair:3)
  Sigmund (D:5)
  3 culicivoras
  7 wraiths
  3 wyverns
  41 yaks
  Grum (D:11)
  4 basilisks
  Menkaure (D:6)
  A redback (Lair:3)
  3 steam dragons
  2 wargs (Orc:2)
  9 water moccasins
  12 orc warriors
  A black bear (Lair:3)
  3 ice beasts
  A sky beast (D:6)
  6 ogres
  4 centaurs
  21 wolves
  A phantom (D:5)
  3 kobold brigands
  8 bullfrogs
  6 scorpions
  A cane toad simulacrum (IceCv)
  12 wights
  8 killer bees
  7 electric eels
  4 howler monkeys (D:8)
  3 hounds
  17 orc priests
  3 gnoll boudas
  4 iguanas
  10 orc wizards
  2 wolf simulacra (IceCv)
  7 gnolls
  5 adders
  2 shadow imps
  A white imp (D:6)
  3 ufetubi
  A worm (D:2)
  3 dart slugs
  72 orcs
  3 endoplasms
  5 giant cockroaches
  9 goblins
  7 hobgoblins
  2 jackals (D:2)
  2 quokkas
  3 training dummies (D:10)
  3 ball pythons
  6 bats
  3 frilled lizards
  18 kobolds
  11 rats
  A butterfly (Lair:4)
510 creatures vanquished.

Vanquished Creatures (others)
  A cane toad (Lair:5)
  A rime drake (Lair:5)
  A yak (D:10)
  2 orcs (Orc:2)
  26 fungi
  83 plants
114 creatures vanquished.

Grand Total: 624 creatures vanquished

Notes
Turn   | Place    | Note
-------+----------+-------------------------------------------
     0 | D:1      | Oxelix the Gargoyle Fighter began the quest for the Orb.
     0 | D:1      | Reached XP level 1. HP: 14/14 MP: 1/1
    84 | D:1      | Reached XP level 2. HP: 18/19 MP: 2/2
   349 | D:1      | Reached skill level 3 in Maces & Flails
   351 | D:1      | Reached XP level 3. HP: 24/24 MP: 3/3
   832 | D:2      | Reached XP level 4. HP: 23/29 MP: 4/4
  1316 | D:2      | You fall into a shaft and drop 1 floor!
  1706 | D:3      | Reached skill level 4 in Maces & Flails
  2168 | D:3      | Reached XP level 5. HP: 29/34 MP: 5/5
  2401 | D:4      | Noticed a steam dragon
  2485 | D:4      | Noticed an ogre
  2565 | D:4      | Found a staircase to the Ecumenical Temple.
  2566 | D:4      | Noticed Grinder
  2572 | Temple   | Entered the Ecumenical Temple
  2877 | Temple   | Became a worshipper of Ru the Awakened
  2900 | D:4      | Reached skill level 5 in Fighting
  2900 | D:4      | Reached skill level 5 in Maces & Flails
  2900 | D:4      | Reached XP level 6. HP: 39/40 MP: 6/6
  2927 | D:4      | Killed Grinder
  2928 | D:4      | Reached skill level 6 in Maces & Flails
  2928 | D:4      | Reached XP level 7. HP: 6/44 MP: 7/7
  3437 | D:4      | Killed a steam dragon
  3438 | D:4      | Reached skill level 7 in Maces & Flails
  3683 | D:5      | Entered Level 5 of the Dungeon
  3927 | D:5      | Found a hide-covered altar of Uskayaw.
  3950 | D:5      | Noticed Sigmund
  3995 | D:5      | Killed Sigmund
  3996 | D:5      | Reached XP level 8. HP: 10/52 MP: 8/8
  4266 | D:5      | Reached skill level 8 in Maces & Flails
  4471 | D:5      | Gained mutation: Your casting is slightly disrupted. [Ru
                  | sacrifice]
  5001 | D:6      | Noticed Menkaure
  5010 | D:6      | Killed Menkaure
  5238 | D:6      | Reached skill level 9 in Maces & Flails
  5436 | D:6      | Reached XP level 9. HP: 25/58 MP: 9/9
  5861 | D:7      | Found Heped's Book Boutique.
  5906 | D:7      | Found Hiutreimn's Assorted Antiques.
  5931 | D:7      | Bought a scroll labelled WOMAAF NIURUECW for 24 gold pieces
  6079 | D:7      | Reached skill level 10 in Maces & Flails
  6194 | D:7      | Noticed Joseph
  6220 | D:7      | Killed Joseph
  6300 | D:7      | Found Kachunup's Weapon Shop.
  6306 | D:7      | Bought a +2 morningstar of draining for 192 gold pieces
  6316 | D:7      | Found Odghoumn's Jewellery Shop.
  6324 | D:7      | Noticed Pikel
  6334 | D:7      | Killed Pikel
  6426 | D:7      | Found Dagelosm's Antique Weapon Boutique.
  6441 | D:7      | Reached skill level 11 in Maces & Flails
  7259 | D:8      | Reached XP level 10. HP: 43/66 MP: 10/10
  7259 | D:8      | Found a staircase to the Lair.
  7585 | D:8      | Noticed Erica
  7602 | D:8      | Killed Erica
  7603 | D:8      | Reached skill level 12 in Maces & Flails
  7824 | D:8      | Reached skill level 10 in Fighting
  7884 | D:8      | Gained mutation: You cannot be stealthy. [Ru sacrifice]
  7884 | D:8      | Reached * piety under Ru
  8039 | D:8      | Noticed a two-headed ogre
  8046 | D:8      | Killed a two-headed ogre
  8298 | D:8      | Noticed a two-headed ogre
  8308 | D:8      | Killed a two-headed ogre
  8309 | D:8      | Reached skill level 13 in Maces & Flails
  8853 | D:9      | Noticed a two-headed ogre
  8866 | D:9      | Killed a two-headed ogre
  8867 | D:9      | Reached XP level 11. HP: 46/73 MP: 11/11
  8875 | D:9      | Gained mutation: Your flesh is heat resistant. (rF+)
                  | [potion of mutation]
  8875 | D:9      | Gained mutation: You are clumsy. (Dex -2) [potion of
                  | mutation]
  9063 | D:9      | Found a staircase to the Orcish Mines.
  9251 | D:9      | Found Yniczita's Antique Armour Shoppe.
  9353 | D:9      | Bought a glowing cloak for 195 gold pieces
 10274 | D:9      | Noticed Harold
 10289 | D:9      | Killed Harold
 10290 | D:9      | Reached skill level 14 in Maces & Flails
 10290 | D:9      | Reached skill level 5 in Armour
 10290 | D:9      | Reached skill level 5 in Shields
 10575 | D:10     | Entered Level 10 of the Dungeon
 10575 | D:10     | Noticed Fannar
 10595 | D:10     | Killed Fannar
 11051 | D:10     | Gained mutation: You are somewhat inexperienced. (-1 XL)
                  | [Ru sacrifice]
 11051 | D:10     | Reached XP level 10. HP: 66/68 MP: 10/10
 11051 | D:10     | Reached ** piety under Ru
 11239 | D:10     | Found Koit's Firing Range.
 11820 | D:11     | Noticed Grum
 11839 | D:11     | Killed Grum
 11954 | D:11     | Found a radiant altar of Vehumet.
 12057 | D:11     | Reached XP level 11. HP: 70/73 MP: 11/11
 12170 | D:11     | Reached skill level 15 in Maces & Flails
 12773 | Lair:1   | Entered Level 1 of the Lair of Beasts
 13120 | Lair:1   | HP: 1/73 [yak (11)]
 13372 | Lair:1   | Identified the +2 rapier "Torphufa" {flame, rC+ rN++ Will+
                  | Dex-5}
 13969 | Lair:2   | Reached skill level 16 in Maces & Flails
 14106 | Lair:2   | Gained mutation: You are hated by all. [Ru sacrifice]
 14106 | Lair:2   | Reached *** piety under Ru
 14106 | Lair:2   | Reached **** piety under Ru
 14148 | Lair:2   | Found a staircase to the Shoals.
 14514 | Lair:2   | Reached XP level 12. HP: 79/79 MP: 12/12
 14997 | Lair:3   | Noticed Gastronok
 15020 | Lair:3   | Killed Gastronok
 15021 | Lair:3   | Reached skill level 10 in Armour
 15021 | Lair:3   | Reached skill level 10 in Shields
 15241 | Lair:3   | Noticed Josephine
 15360 | Lair:3   | Killed Josephine
 15744 | Lair:3   | Noticed Nessos
 15757 | Lair:3   | Killed Nessos
 15954 | Lair:3   | Reached skill level 1 in Throwing
 16156 | Lair:3   | Reached skill level 1 in Evocations
 16240 | Lair:3   | Found a hole to the Spider Nest.
 16545 | Lair:4   | Gained mutation: You cannot study or cast Poison magic. [Ru
                  | sacrifice]
 16545 | Lair:4   | Gained mutation: You cannot study or cast Hexes magic. [Ru
                  | sacrifice]
 16545 | Lair:4   | Gained mutation: You cannot study or cast Translocations
                  | magic. [Ru sacrifice]
 16545 | Lair:4   | Reached ***** piety under Ru
 16681 | Lair:4   | Found a frozen archway.
 16733 | IceCv    | Entered an ice cave
 16873 | IceCv    | Found a transporter.
 16912 | IceCv    | Found a transporter.
 17175 | Lair:4   | You fall into a shaft and drop 1 floor!
 17175 | Lair:5   | Entered Level 5 of the Lair of Beasts
 17293 | Lair:5   | Reached XP level 13. HP: 72/84 MP: 4/13
 17385 | Lair:5   | Found a gate leading to a gauntlet.
 17704 | Lair:4   | HP: 1/88 [sea snake (4)]
 18655 | Lair:5   | Found a staircase to the Slime Pits.
 19569 | Spider:1 | Entered Level 1 of the Spider Nest
 20148 | Orc:1    | Entered Level 1 of the Orcish Mines
 20411 | Orc:1    | Found a bloodstained altar of Trog.
 20411 | Orc:1    | Found the +8 Wrath of Trog {antimagic, *Rage Rampage}
 20447 | Orc:2    | Entered Level 2 of the Orcish Mines
 20562 | Orc:2    | Found Tedwur's General Store.
 20676 | Orc:2    | Found a staircase to the Elven Halls.
 20763 | Orc:2    | Mangled by an orc warrior

Illustrated notes

Levels and vault maps discovered:
D:1:      dpeg_arrival_pits, layout_basic
D:2:      layout_loops_ring, corexii_hall_statues_l
D:3:      minmay_door_path, layout_basic
D:4:      layout_cave_pools, minmay_temple_entry_stoned_glass, minivault_11,
          uniq_grinder
D:5:      layout_loops_corners, mainiacjoe_overflow_alcove_4, uniq_sigmund
D:6:      layout_basic, uniq_menkaure
D:7:      layout_basic, serial_shops, nicolae_shop_crystal,
          nicolae_shop_bloodbath_and_beyond, nicolae_shop_stone,
          nicolae_stop_n_shop_2, nicolae_take_the_stairs, minmay_manual_mess,
          uniq_joseph, uniq_pikel
D:8:      layout_basic, dpeg_oklobed_lair, columned_hall_lemuel, hex_large,
          serial_bayou_lake_a, uniq_erica
D:9:      layout_long_grid, david_orc_5, serial_shops,
          nicolae_shop_temple_entry_statues_fountains, corexii_leaking_fountain,
          uniq_harold
D:10:     layout_loops_ring, nicolae_shop_firing_range, uniq_fannar
D:11:     layout_basic, fiery_altar_vehumet, uniq_grum
D:12:     lemuel_ice_statue, layout_irregular_city, drop_trap, uniq_rupert
Temple:   roderic_octagonal_lattice_temple
Lair:1:   layout_roguey, nicolae_quartered_pool_medium
Lair:2:   layout_misc_corridors, nicolae_shoals_entry_flooding,
          grunt_megastairs_4
Lair:3:   layout_regular_city, hellmonk_spider_entry_life_and_decay,
          serial_bayou_shore_b, uniq_nessos, uniq_josephine, uniq_gastronok
Lair:4:   layout_roguey, portal_ice_cave_demonic_guard, lemuel_fruit_fields
Lair:5:   gammafunk_lair_ancient_temple, layout_regular_city, slime_entry_1,
          gauntlet_entry_generic
Spider:1: layout_spider_delve
Orc:1:    emtedronai_trogs_sanctum, layout_caves, nicolae_volcano_entry_batcave,
          serial_shops, shop
Orc:2:    st_orc_pillars, layout_caves, serial_shops, shop

Skill      XL: |  1  2  3  4  5  6  7  8  9 10 11 12 13 |
---------------+----------------------------------------+-----
Maces & Flails | 3 4 5 6 7 9 11 13 16 | 16.0
Fighting       | 4 5 6 7 9 10 11 14 | 14.3
Armour         | 6 9 10 | 10.0
Shields        | 6 9 13 14 | 14.0
Throwing       | 1 3 |  3.8
Evocations     | 1 3 |  3.8

Action                     |  1- 3 |  4- 6 |  7- 9 | 10-12 | 13-15 || total
---------------------------+-------+-------+-------+-------+-------++-------
  Melee: Flail             |    92 |   163 |   215 |       |       ||   470
         Whip              |       |       |    75 |       |       ||    75
         Morningstar       |       |       |    47 |  1017 |   396 ||  1460
  Throw: Dart              |       |       |     2 |    32 |       ||    34
         Boomerang         |       |       |       |     4 |    24 ||    28
         Javelin           |       |       |       |     1 |     3 ||     4
         Throwing net      |       |       |       |       |     2 ||     2
 Invoke: Sacrifice Essence |       |       |     1 |       |       ||     1
         Sacrifice Stealth |       |       |       |     1 |       ||     1
         Sacrifice Experie |       |       |       |     1 |       ||     1
         Sacrifice Love    |       |       |       |     1 |       ||     1
         Apocalypse        |       |       |       |     1 |     2 ||     3
         Draw Out Power    |       |       |       |     1 |     1 ||     2
         Sacrifice Arcana  |       |       |       |     1 |       ||     1
         Reject Sacrifices |       |       |       |       |     1 ||     1
    Use: Potion            |       |       |     2 |     7 |     5 ||    14
         Scroll            |       |       |     5 |    20 |     4 ||    29
   Stab: Distracted        |       |       |       |     4 |     1 ||     5
         Invisible         |       |       |       |     3 |     3 ||     6
         Paralysed         |       |       |       |       |     6 ||     6
 Armour: Scale mail        |    53 |       |       |       |       ||    53
         Plate armour      |       |   137 |   175 |   581 |   331 ||  1224
  Dodge: Dodged            |    50 |    54 |    67 |   272 |   158 ||   601
  Block: Buckler           |    17 |    36 |    38 |   240 |   307 ||   638

Table legend: (Time is in decaauts)
 A = Elapsed time spent in this place.
 B = Non-inter-level travel time spent in this place.
 C = Inter-level travel time spent in this place.
 D = Time resting spent in this place.
 E = Time spent auto-exploring this place.
 F = Levels seen in this place.
 G = Mean time per level.
                   A        B        C        D        E       F      G
               +--------+--------+--------+--------+--------+-----+--------+
         Total |  20595 |  19542 |   1053 |   3622 |  11796 |  22 |  936.1 |
       Dungeon |  12484 |  11761 |    723 |   1568 |   7923 |  12 | 1040.3 |
        Temple |    323 |    271 |     52 |      0 |    246 |   1 |  323.0 |
          Lair |   6997 |   6752 |    245 |   1934 |   3343 |   5 | 1399.4 |
   Spider Nest |     14 |     14 |      0 |      0 |      0 |   1 |   14.0 |
  Orcish Mines |    584 |    551 |     33 |      4 |    284 |   2 |  292.0 |
      Ice Cave |    189 |    189 |      0 |    116 |      0 |   1 |  189.0 |
               +--------+--------+--------+--------+--------+-----+--------+

Top non-repeatable levels by time:
  Lair:3: 1911 daAuts
     D:9: 1729 daAuts
     D:8: 1498 daAuts
  Lair:5: 1436 daAuts
  Lair:4: 1369 daAuts
     D:7: 1356 daAuts
  Lair:2: 1316 daAuts
     D:6: 1229 daAuts
     D:3: 1199 daAuts
    D:10: 1169 daAuts
     D:5: 1113 daAuts
  Lair:1: 964 daAuts
    D:11: 955 daAuts
     D:2: 766 daAuts
     D:1: 738 daAuts
